 Dungeon Crawl Stone Soup version 0.26.1-10-gdfb7c7de75 (webtiles) character file.

Game seed: 4928710189005581065

7338 MalarOregon the Carver (level 11, 0/72 HPs)
             Began as a Halfling Warper on Apr 2, 2021.
             Was an Initiate of Dithmenos.
             Killed from afar by an electric eel (9 damage)
             ... with a bolt of electricity
             ... on level 9 of the Dungeon.
             The game lasted 00:26:15 (14946 turns).

MalarOregon the Carver (Halfling Warper)           Turns: 14946, Time: 00:26:15

Health: 0/72       AC: 11    Str: 14    XL:     11   Next: 35%
Magic:  14/14      EV: 17    Int: 18    God:    Dithmenos [......]
Gold:   603        SH: 11    Dex: 15    Spells: 9/14 levels left

rFire    . . .     SeeInvis .   a - +2 falchion (vorpal)
rCold    + . .     Faith    .   x - +0 buckler
rNeg     . . .     Spirit   .   I - +1 ring mail {rPois}
rPois    +         Reflect  +   n - +0 helmet
rElec    .         Harm     .   y - +0 cloak
rCorr    .         Rampage  .   (no gloves)
Will     .....                  s - +0 pair of boots
Stlth    +++.......             D - amulet of reflection
HPRegen  0.22/turn              j - +6 ring of intelligence
MPRegen  0.14/turn              o - ring of protection from cold

@: no status effects
A: small, mutation resistance 1
a: Renounce Religion


You were on level 9 of the Dungeon.
You worshipped Dithmenos.
Dithmenos was noncommittal.
You visited 2 branches of the dungeon, and saw 10 of its levels.

You collected 603 gold pieces.

Inventory:

Hand Weapons
 a - a +2 vorpal falchion (weapon)
   (You took it off an orc on level 4 of the Dungeon)
 b - a +2 dagger of venom
   (You took it off an orc wizard on level 3 of the Dungeon)
Missiles
 e - a boomerang of dispersal {!f}
 g - 273 stones (quivered)
 w - 33 poisoned darts
 z - 23 boomerangs
Armour
 n - a +0 helmet (worn)
   (You found it on level 2 of the Dungeon)
 s - a +0 pair of boots (worn)
   (You found it on level 5 of the Dungeon)
 x - a +0 buckler (worn)
   (You took it off a kobold on level 3 of the Dungeon)
 y - a +0 cloak (worn)
   (You found it on level 2 of the Dungeon)
 H - a +0 kite shield
   (You found it on level 7 of the Dungeon)
 I - a +1 ring mail of poison resistance (worn)
   (You found it on level 7 of the Dungeon)
 K - a +1 chain mail of poison resistance
   (You found it on level 9 of the Dungeon)
Jewellery
 j - a +6 ring of intelligence (left hand)
   (You found it on level 1 of the Dungeon)
 k - an uncursed ring of poison resistance {unknown}
   (You found it on level 8 of the Dungeon)
 o - a ring of protection from cold (right hand)
   (You found it on level 3 of the Dungeon)
 D - an amulet of reflection (around neck)
   (You found it on level 7 of the Dungeon)
Wands
 d - a wand of iceblast (2)
   (You found it on level 7 of the Dungeon)
 t - a wand of flame (18)
   (You took it off an orc wizard on level 9 of the Dungeon)
 A - a wand of enslavement (10)
   (You found it on level 8 of the Dungeon)
Scrolls
 c - a scroll of identify {@r1}
 h - 2 scrolls of remove curse {@r2}
 i - 4 scrolls of teleportation {@r4}
 r - 2 scrolls of fear
 u - 3 scrolls of magic mapping
 v - a scroll of immolation {!r}
 E - a scroll of fog
 F - 3 scrolls of blinking
 L - a scroll of summoning {unknown}
 M - a scroll of enchant weapon {unknown}
 O - 3 scrolls of amnesia
Potions
 f - a potion of flight
 l - a potion of mutation {!q}
 m - 3 potions of curing {@q1}
 p - a potion of heal wounds {@q2}
 q - 2 potions of magic
 B - a potion of brilliance
 C - 4 potions of might
 G - a potion of ambrosia
 J - a potion of haste {unknown}
Miscellaneous
 N - a tin of tremorstones (2/2)
   (You found it on level 9 of the Dungeon)


   Skills:
 + Level 5.5 Fighting
 + Level 2.8(7.2) Short Blades
 * Level 8.7(8.9) Long Blades
 + Level 5.8 Throwing
 + Level 6.4 Armour
 + Level 6.8 Dodging
 + Level 6.8 Stealth
 + Level 5.4 Shields
 - Level 2.0 Spellcasting
 - Level 4.0 Translocations


You had 9 spell levels left.
You knew the following spells:

 Your Spells              Type           Power        Failure   Level
a - Gell's Gravitas       Tloc           8%           21%         3
b - Blink                 Tloc           N/A          10%         2

Your spell library contained the following spells:

 Spells                   Type           Power        Failure   Level
 Lesser Beckoning         Tloc           8%           21%         3
 Teleport Other           Tloc           16%          21%         3
 Foxfire                  Conj/Fire      4%           34%         1
 Magic Dart               Conj           4%           34%         1
 Searing Ray              Conj           2%           45%         2
 Passage of Golubria      Tloc           N/A          54%         4
 Conjure Flame            Conj/Fire      1%           71%         3
 Dazzling Flash           Conj/Hex       2%           71%         3
 Inner Flame              Hex/Fire       1%           71%         3
 Iskenderun's Mystic Bla  Conj/Tloc      9%           83%         4
 Fulminant Prism          Conj/Hex       0%           98%         4
 Sticky Flame             Conj/Fire      1%           98%         4
 Fireball                 Conj/Fire      0%           100%        5


Dungeon Overview and Level Annotations

Branches:
Dungeon (9/15)             Temple (1/1) D:6
   Lair: D:8-11         Orc: D:9-12

Altars:
Ashenzari
Cheibriados
Dithmenos
Elyvilon
Fedhas
Gozag
Hepliaklqana
Kikubaaqudgha
Makhleb
Nemelex Xobeh
Okawaru
Qazlal
Ru
Sif Muna
Trog
Uskayaw
Vehumet
Wu Jian
Xom
Yredelemnul
Zin
The Shining One

Annotations:
D:4 1 runed translucent door, ZZKoverts's ghost, amateur OpBr


Innate Abilities, Weirdness & Mutations

You are small and have problems with some larger weapons.
You are somewhat resistant to further mutation.


Message History

You block the centaur warrior's attack.
You hit the killer bee.
The killer bee is poisoned.
The centaur warrior hits you but does no damage.
The killer bee completely misses you.
You miss the killer bee. You block the killer bee's attack.
You block the centaur warrior's attack.
You hit the killer bee but do no damage.
The killer bee looks as sick as possible!
You block the killer bee's attack. The centaur warrior hits you!
* * * LOW HITPOINT WARNING * * *
You barely miss the centaur warrior.
The killer bee stings you but does no damage.
The centaur warrior hits you!
* * * LOW HITPOINT WARNING * * *
You block the killer bee's attack.
You hit the killer bee.
The killer bee looks as sick as possible!
You block the killer bee's attack. You block the centaur warrior's attack.
You hit the killer bee.
The killer bee looks as sick as possible!
You kill the killer bee!
Dithmenos accepts your kill. The centaur warrior hits you.
* * * LOW HITPOINT WARNING * * *
You hit the centaur warrior.
The centaur warrior looks as sick as possible!
The centaur warrior hits you but does no damage.
Your +2 dagger of venom stops dripping with poison.
a - a +2 vorpal falchion (weapon)
Char dumped successfully.
You closely miss the centaur warrior. The centaur warrior hits you.
* * * LOW HITPOINT WARNING * * *
You block the centaur warrior's attack.
You hit the centaur warrior. You block the centaur warrior's attack.
You hit the centaur warrior but do no damage.
The centaur warrior hits you.
* * * LOW HITPOINT WARNING * * *
You slash the centaur warrior!
You kill the centaur warrior!
Dithmenos accepts your kill.
Unknown command.
Unknown command.
The electric eel shoots out a bolt of lightning at you!
The bolt of electricity hits you!
* * * LOW HITPOINT WARNING * * *
Aim: an electric eel (water, 52% to evade)
The puff of flame hits the electric eel!
The electric eel shoots out a bolt of lightning at you!
The bolt of electricity hits you!
You die...

#.........≈≈#
#.........≈≈#
##........≈§##############
##......[≈;≈≈≈≈≈≈≈≈≈≈≈≈≈≈
##......≈≈§§§≈≈≈≈≈≈≈≈≈≈
##.......§§§..........
.... ##................#
...... ##.....).........#
.......
##.......@......###.......
##.......................
##......................
##.....................
##....................
##...................
##..................
##...........)....(
##...)...(..†.....


You could see an electric eel.

Vanquished Creatures
  A two-headed ogre (D:8)
  2 centaur warriors (D:9)
  Pikel (D:6)
  6 yaks (D:8)
  Eustachio (D:4)
  A wyvern (D:8)
  2 orc warriors
  A sky beast (D:9)
  2 ice beasts
  5 ogres
  5 centaurs
  A big kobold (D:8)
  5 bullfrogs
  A gnoll sergeant (D:8)
  2 scorpions
  A water moccasin skeleton (D:7)
  3 killer bees (D:9)
  A howler monkey (D:6)
  An electric eel (D:9)
  A bullfrog zombie (D:8)
  2 quasits
  2 centaur zombies
  9 hounds
  A jelly (D:8)
  A centaur skeleton (D:6)
  7 orc priests
  A bullfrog skeleton (D:9)
  6 worker ants
  2 iguanas
  13 orc wizards
  A hound skeleton (D:8)
  10 gnolls
  14 adders
  A shadow imp (D:7)
  4 white imps
  4 ufetubi
  An adder zombie (D:9)
  A worm (D:3)
  3 dart slugs (D:1)
  6 leopard geckos
  38 orcs
  2 ball pythons (D:5)
  4 giant cockroaches
  3 goblins
  6 hobgoblins
  5 jackals (D:6)
  8 quokkas
  10 bats
  5 frilled lizards
  15 kobolds
  2 quokka zombies
  8 rats
238 creatures vanquished.

Notes
Turn   | Place    | Note
-------+----------+-------------------------------------------
     0 | D:1      | MalarOregon the Halfling Warper began the quest for the
                  | Orb.
     0 | D:1      | Reached XP level 1. HP: 14/14 MP: 3/3
   103 | D:1      | Reached XP level 2. HP: 15/19 MP: 4/4
   446 | D:1      | Reached XP level 3. HP: 15/24 MP: 5/5
   772 | D:1      | Learned a level 2 spell: Blink
   776 | D:1      | Learned a level 3 spell: Gell's Gravitas
  1076 | D:2      | Reached skill level 1 in Stealth
  1378 | D:2      | Reached XP level 4. HP: 27/29 MP: 6/6
  2323 | D:3      | Reached XP level 5. HP: 11/34 MP: 7/7
  2611 | D:3      | Reached skill level 3 in Long Blades
  2708 | D:3      | You fall into a shaft and drop 2 floors!
  2708 | D:5      | Entered Level 5 of the Dungeon
  2786 | D:5      | Reached XP level 6. HP: 22/40 MP: 9/9
  4214 | D:4      | Found an ancient bone altar of Kikubaaqudgha.
  4307 | D:4      | Found a white marble altar of Elyvilon.
  4325 | D:4      | Reached XP level 7. HP: 41/45 MP: 10/10
  4572 | D:4      | Found a runed translucent door.
  4572 | D:4      | Noticed ZZKoverts's ghost (amateur OpBr)
  4762 | D:4      | Reached skill level 4 in Long Blades
  4793 | D:4      | Noticed Eustachio
  4863 | D:4      | Killed Eustachio
  5603 | D:3      | Reached XP level 8. HP: 49/52 MP: 11/11
  6790 | D:5      | Reached skill level 1 in Shields
  7055 | D:5      | Reached skill level 5 in Long Blades
  7656 | D:6      | Found a staircase to the Ecumenical Temple.
  7661 | D:6      | Noticed Pikel
  7690 | D:6      | Killed Pikel
  7691 | D:6      | Reached skill level 6 in Long Blades
  7691 | D:6      | Reached XP level 9. HP: 37/58 MP: 12/12
  7746 | D:6      | Reached skill level 5 in Dodging
  7773 | Temple   | Entered the Ecumenical Temple
  9639 | D:7      | Reached skill level 5 in Stealth
 11430 | D:8      | Reached skill level 5 in Armour
 11495 | D:8      | Reached XP level 10. HP: 11/65 MP: 13/13
 11808 | D:8      | Reached skill level 7 in Long Blades
 12757 | D:8      | Noticed a two-headed ogre
 12814 | D:8      | Killed a two-headed ogre
 12815 | D:8      | Reached skill level 5 in Throwing
 13404 | D:9      | Reached skill level 5 in Fighting
 13586 | D:9      | Noticed a centaur warrior
 13615 | D:9      | Killed a centaur warrior
 13616 | D:9      | Reached skill level 1 in Short Blades
 13616 | D:9      | Reached skill level 8 in Long Blades
 13840 | D:9      | Noticed a centaur warrior
 13860 | D:9      | Reached XP level 11. HP: 22/72 MP: 14/14
 14201 | Temple   | Became a worshipper of Dithmenos the Shadowed
 14436 | D:8      | Reached skill level 5 in Shields
 14933 | D:9      | Killed a centaur warrior
 14946 | D:9      | Killed from afar by an electric eel

Illustrated notes

Levels and vault maps discovered:
D:1:      minmay_arrival_four_circles, layout_rooms
D:2:      layout_basic
D:3:      layout_loops_ring
D:4:      layout_loops_ring, overflow_temple_1_default, gammafunk_ghost_grave,
          elyvilon_altar_5, uniq_eustachio
D:5:      layout_basic, portal_sewer_entry_b
D:6:      wander_river, layout_basic, minmay_temple_entry_glassed_door,
          uniq_pikel
D:7:      layout_basic, serial_glass, glass_columns_b, glass_columns_a,
          minmay_misc_feat_roman, minmay_misc_feat_columns, minmay_diced_spiral
D:8:      layout_gridville, hangedman_decor_push
D:9:      layout_big_octagon, erik_orc_2
Temple:   dpeg_three_leaves_temple

Skill      XL: |  1  2  3  4  5  6  7  8  9 10 11 |
---------------+----------------------------------+-----
Stealth        | 1 2 3 4 5 6 |  6.8
Fighting       | 2 3 4 5 |  5.5
Spellcasting   | 2 |  2.0
Long Blades    | 3 4 6 8 |  8.7
Armour         | 2 3 4 5 6 |  6.4
Translocations | 4 |  4.0
Throwing       | 2 3 4 5 |  5.8
Dodging        | 3 4 5 6 |  6.8
Shields        | 2 3 4 5 |  5.4
Short Blades   | 1 2 |  2.8

Action                   |  1- 3 |  4- 6 |  7- 9 | 10-12 || total
-------------------------+-------+-------+-------+-------++-------
Melee: Falchion          |    96 |   231 |   513 |   122 ||   962
       Dagger            |       |       |     3 |   254 ||   257
Throw: Boomerang         |       |       |     4 |       ||     4
       Dart              |       |       |     4 |    14 ||    18
       Stone             |       |       |       |    28 ||    28
 Cast: Blink             |       |       |     2 |       ||     2
Evoke: Wand              |       |       |       |     1 ||     1
  Use: Scroll            |       |     7 |     3 |     8 ||    18
       Potion            |       |     1 |     1 |     1 ||     3
 Stab: Sleeping          |       |       |       |     3 ||     3
Armor: Leather armour    |    12 |       |       |       ||    12
       Scale mail        |    15 |   114 |   177 |    19 ||   325
       Ring mail         |       |       |       |    58 ||    58
Dodge: Dodged            |   101 |   150 |   322 |   208 ||   781
Block: Buckler           |       |       |    76 |   162 ||   238
       Reflection        |       |       |       |     6 ||     6
       Rpst.: Falchion   |    29 |    54 |   101 |    17 ||   201
